 Dungeon Crawl Stone Soup version 0.30-a0-6-g7c9e10e132 (webtiles) character file.

Game seed: 9093294340784582479

5348 NinjaNoafa the Blocker (level 11, -3/132 (138) HPs)
             Began as a Meteoran Fighter on Aug 22, 2022.
             Was a High Priest of Jiyva (penitent).
             Slain by a water moccasin (6 damage)
             ... on level 1 of the Lair of Beasts.
             The game lasted 00:28:07 (4715 turns).

NinjaNoafa the Blocker (Meteoran Fighter)           Turns: 4715, Time: 00:28:08

HP:   -3/132 (138)  AC: 25    Str: 18    XL:     11   Next: 17%
MP:   12/12         EV:  2    Int: 14    God:    Jiyva [*****.]
Gold: 1293          SH:  7    Dex: 16    Spells: 10/10 levels left

rFire   + . .      SeeInvis .    r - +2 war axe
rCold   + . .      Faith    .    c - +0 buckler
rNeg    . . .      Spirit   .    (body armour currently unavailable)
rPois   +          Reflect  .    (helmet currently unavailable)
rElec   +          Harm     .    (cloak currently unavailable)
rCorr   +          Rampage  .    (gloves currently unavailable)
Will    ++...      NoTele   +    (boots currently unavailable)
Stlth   +.........               m - amulet of regeneration
HPRegen 1.12/turn                (no ring)
MPRegen 0.13/turn                (no ring)

@: tree-form, resistant, glowing, studying Shields, lightly drained
A: stationary, stasis, torment immunity, boosted hp, sense surroundings 2,
otherworldly, glowing, explore regen, clever 1, (cold resistance 1), (fire
resistance 1), strong-willed 1, evolution 2
a: Renounce Religion


You were on level 1 of the Lair of Beasts.
You worshipped Jiyva.
Jiyva was demanding penance.
You were a tree.
You visited 2 branches of the dungeon, and saw 9 of its levels.

You collected 1293 gold pieces.

Inventory:

Hand Weapons
 r - a +2 war axe (weapon)
Missiles
 b - 2 boomerangs (quivered)
 f - 50 stones
Armour
 c - a +0 buckler (worn)
 n - the +6 plate armour of the Nightingale (melded) {MP+9 Str+4 SInv}
   (You found it on level 4 of the Dungeon)

   Str:       It affects your strength (+4).
   MP:        It affects your magic capacity (+9).
   SInv:      It lets you see invisible.
Jewellery
 m - an amulet of regeneration (around neck)
Scrolls
 g - a scroll of silence
 h - 2 scrolls of amnesia
 v - a scroll of immolation
Potions
 o - a potion of attraction


   Skills:
 - Level 7.0 Fighting
 + Level 5.1(7.3) Axes
 - Level 9.0(9.7) Maces & Flails
 - Level 3.0 Throwing
 - Level 9.0 Armour
 - Level 5.0 Dodging
 - Level 13.0 Shields
 - Level 3.0 Evocations


You had 10 spell levels left.
You didn't know any spells.
Your spell library was empty.

Dungeon Overview and Level Annotations

Branches:
Dungeon (8/15) Zot: 197    Temple (0/1) D:6            Lair (1/5) D:8 Zot: 568

Altars:
Kikubaaqudgha
Jiyva

Shops:
D:7 :


Innate Abilities, Weirdness & Mutations

You are a tree.
Your roots penetrate the ground, keeping you stationary.
You cannot be teleported.
You are immune to unholy pain and torment.
Your maximum health is greatly increased.
Your equipment is partially melded.
You passively map the area around you.
You are easily found by Zot.
You glow in the dark.
You regain HP and MP as you explore.
Your mind is acute. (Int +4, Str/Dex -1)
((Your flesh is cold resistant. (rC+)))
((Your flesh is heat resistant. (rF+)))
You are strong-willed. (Will+)
You have great hidden genetic potential.


Message History

The water moccasin bites you but does no damage.
You hit the elephant.
The elephant is almost dead.
You hit the water moccasin. You closely miss the wyvern.
You hit the black bear.
You are engulfed in blazing flames.
You resist.
* * * LOW HITPOINT WARNING * * *
The wyvern bites you but does no damage.
The water moccasin bites you but does no damage.
The wyvern bites you but does no damage.
The elephant tramples you!
* * * LOW HITPOINT WARNING * * *
The elephant trunk-slaps you but does no damage.
The black bear bites you but does no damage.
The black bear claws you but does no damage.
The black bear claws you.
* * * LOW HITPOINT WARNING * * *
As you read the scroll of fog, it crumbles to dust.
The scroll dissolves into smoke.
You are engulfed in blazing flames.
You resist.
* * * LOW HITPOINT WARNING * * *
You block the wyvern's attack.
The water moccasin bites you but does no damage.
The elephant tramples you but does no damage.
The elephant trunk-slaps you but does no damage.
The black bear bites you but does no damage.
The black bear claws you but does no damage. x2
The water moccasin bites you.
* * * LOW HITPOINT WARNING * * *
You block the wyvern's attack.
Okay, then.
Okay, then.
You hit the elephant.
The elephant is almost dead.
You miss the water moccasin. You hit the wyvern but do no damage.
You closely miss the black bear.
You are engulfed in blazing flames.
You resist.
* * * LOW HITPOINT WARNING * * *
The wyvern bites you but does no damage.
The water moccasin bites you.
You die...

*,*+*,,..Y#.........,,,,,,,,,
*,,,,,,............,,,,,,,,,,
*,,,,,,,,.........,,,,,,,,,,,
**,,,,,,,,,..(....,,,,,,,,,,,,
*,,,**#####*#....,,,,,,,,,,,,,
**,,*,....?.#...#**,+******,,,
*,,*,.....h#§.<##**,** *,,,,
*,,*,....§hY°§..#**,,*****,,,
*,,,,,.....#♣l§.#*,,,,,***,,*
*,,,,,....,#Sh§.#*,,,,,**,,,*
**,,*,,..,,,Fh§§##,,,,,,***,,*
*,,,*,,,,,,.h...#**,*,,,* *,,*
**,,*,,,,,h.#...#*,,***,***,,*
*,,*****#.##...#,,+***,,**,,*
*,,,,,,,..,.....,,,,,,,,,,,,,
*,,,,,,..,,....#.,,,,,,,,,,,,
**,,,,,,,,,,,,,,***,,,,,,,,,,,


You could see an elephant, a cane toad, a water moccasin, a black bear, a wyvern
and 5 wolves.

Vanquished Creatures
  2 elephants (Lair:1)
  4 yaks (D:8)
  3 wyverns (D:8)
  Eustachio (D:4)
  2 basilisks (D:8)
  7 water moccasins
  2 sky beasts (D:6)
  An ice beast (D:5)
  A black bear (D:5)
  2 centaurs
  A phantom (D:5)
  A kobold brigand (D:8)
  4 bullfrogs
  4 scorpions
  8 wights
  A howler monkey (D:6)
  3 hounds
  5 orc priests
  Terence (D:3)
  3 iguanas
  5 orc wizards
  2 gnolls (D:3)
  5 adders
  2 shadow imps (D:6)
  2 ufetubi
  26 orcs
  5 ball pythons
  2 bats
  A giant cockroach (D:4)
  2 goblins
  6 hobgoblins
  3 jackals (D:1)
  16 kobolds
  2 quokkas
  A frilled lizard (D:3)
  A rat (D:3)
137 creatures vanquished.

Vanquished Creatures (collateral kills)
  A rime drake (Lair:1)
1 creature vanquished.

Vanquished Creatures (others)
  A water moccasin (D:8)
  A black bear (D:4)
  A kobold brigand (D:6)
  3 wights (D:7)
  8 jellies
  An orc priest (D:5)
  A hound (D:7)
  Ijyb (D:3)
  3 orc wizards
  2 gnolls (D:3)
  A white imp (D:5)
  A dart slug (D:3)
  5 orcs
  3 ball pythons
  An endoplasm (D:1)
  A goblin (D:1)
  2 hobgoblins
  3 jackals (D:3)
  2 kobolds
  2 bats
  2 frilled lizards
  2 rats (D:3)
  A fungus (D:8)
  21 plants
69 creatures vanquished.

Grand Total: 207 creatures vanquished

Notes
Turn   | Place    | Note
-------+----------+-------------------------------------------
     0 | D:1      | NinjaNoafa the Meteoran Fighter began the quest for the
                  | Orb.
     0 | D:1      | Reached XP level 1. HP: 19/19 MP: 2/2
   209 | D:1      | Found a faded altar of an unknown god.
   217 | D:1      | Prayed at the altar of an unknown god.
   217 | D:1      | Became a worshipper of Jiyva Jeovi the Shapeless
   217 | D:1      | Reached * piety under Jiyva
   311 | D:1      | Reached XP level 2. HP: 22/26 MP: 3/3
   388 | D:2      | Reached ** piety under Jiyva
   465 | D:2      | Reached XP level 3. HP: 31/31 MP: 4/4
   928 | D:3      | Reached XP level 4. HP: 40/40 MP: 5/5
   959 | D:3      | Killed Ijyb
  1073 | D:3      | Reached *** piety under Jiyva
  1131 | D:3      | Noticed Terence
  1143 | D:3      | Killed Terence
  1144 | D:3      | Reached skill level 5 in Maces & Flails
  1639 | D:4      | Noticed Eustachio
  1642 | D:4      | Reached XP level 5. HP: 46/46 MP: 6/6
  1712 | D:4      | Killed Eustachio
  1713 | D:4      | Reached skill level 5 in Fighting
  1713 | D:4      | Reached XP level 6. HP: 48/56 MP: 7/7
  1751 | D:4      | Killed a black bear
  1813 | D:4      | Reached **** piety under Jiyva
  2053 | D:4      | Gained mutation: Your movements are slightly less
                  | encumbered by armour. (ER -2) [Jiyva's grace]
  2053 | D:4      | Gained mutation: Your movements are less encumbered by
                  | armour. (ER -4) [Jiyva's grace]
  2053 | D:4      | Gained mutation: Your movements are significantly less
                  | encumbered by armour. (ER -6) [Jiyva's grace]
  2053 | D:4      | Gained mutation: You are partially covered in iridescent
                  | scales. (AC +2) [Jiyva's grace]
  2066 | D:4      | Identified the +6 plate armour of the Nightingale {MP+9
                  | Str+4 SInv}
  2255 | D:4      | Glimpsed the power of Zot.
  2277 | D:5      | Entered Level 5 of the Dungeon
  2286 | D:5      | Reached skill level 4 in Shields
  2300 | D:5      | Reached XP level 7. HP: 61/61 MP: 8/8
  2305 | D:5      | Reached skill level 5 in Armour
  2305 | D:5      | Reached skill level 5 in Shields
  2523 | D:5      | Reached XP level 8. HP: 68/68 MP: 9/9
  2830 | D:5      | Glimpsed the power of Zot.
  2880 | D:5      | Glimpsed the power of Zot.
  2896 | D:6      | Reached ***** piety under Jiyva
  3031 | D:6      | Reached skill level 1 in Evocations
  3080 | D:6      | Found a staircase to the Ecumenical Temple.
  3090 | D:6      | Gained mutation: You passively map the area around you.
                  | [Meteoran growth]
  3090 | D:6      | Reached XP level 9. HP: 58/74 MP: 10/10
  3093 | D:6      | Reached skill level 1 in Dodging
  3427 | D:6      | Glimpsed the power of Zot.
  3560 | D:7      | Found Haliun's Book Shoppe.
  3620 | D:7      | Reached skill level 6 in Shields
  3776 | D:7      | Found an ancient bone altar of Kikubaaqudgha.
  4012 | D:7      | Glimpsed the power of Zot.
  4062 | D:7      | Glimpsed the power of Zot.
  4091 | D:8      | Lost mutation: Your movements are significantly less
                  | encumbered by armour. (ER -6) [Jiyva's grace]
  4091 | D:8      | Gained mutation: Your system is resistant to poisons.
                  | (rPois) [Jiyva's grace]
  4091 | D:8      | Gained mutation: You have hidden genetic potential.
                  | [Jiyva's grace]
  4091 | D:8      | Gained mutation: You have great hidden genetic potential.
                  | [Jiyva's grace]
  4091 | D:8      | Gained mutation: Your spells are a little harder to cast,
                  | but a little more powerful. [Jiyva's grace]
  4094 | D:8      | Identified 2 scrolls of acquirement
  4094 | D:8      | Acquired a manual of Shields
  4100 | D:8      | Reached skill level 7 in Shields
  4100 | D:8      | Reached XP level 10. HP: 47/84 MP: 11/11
  4114 | D:8      | Reached skill level 5 in Dodging
  4136 | D:8      | Reached skill level 8 in Shields
  4145 | D:8      | Reached skill level 9 in Shields
  4145 | D:8      | Acquired 1009 gold pieces
  4244 | D:8      | Lost mutation: Your system is resistant to poisons. (rPois)
                  | [potion of mutation]
  4244 | D:8      | Lost mutation: Your movements are less encumbered by
                  | armour. (ER -4) [potion of mutation]
  4244 | D:8      | Lost mutation: Your spells are a little harder to cast, but
                  | a little more powerful. [potion of mutation]
  4244 | D:8      | Gained mutation: You are strong-willed. (Will+) [potion of
                  | mutation]
  4245 | D:8      | Lost mutation: You are partially covered in iridescent
                  | scales. (AC +2) [potion of mutation]
  4245 | D:8      | Lost mutation: Your movements are slightly less encumbered
                  | by armour. (ER -2) [potion of mutation]
  4245 | D:8      | Gained mutation: Your mind is acute. (Int +4, Str/Dex -1)
                  | [potion of mutation]
  4245 | D:8      | Gained mutation: Your flesh is cold resistant. (rC+)
                  | [potion of mutation]
  4254 | D:8      | Reached skill level 10 in Shields
  4260 | D:8      | Reached skill level 11 in Shields
  4263 | D:8      | Gained mutation: Your flesh is heat resistant. (rF+)
                  | [hidden potential]
  4268 | D:8      | Found a staircase to the Lair.
  4535 | D:8      | Reached skill level 12 in Shields
  4584 | D:8      | Glimpsed the power of Zot.
  4634 | D:8      | Glimpsed the power of Zot.
  4672 | D:8      | Glimpsed the power of Zot.
  4682 | D:8      | Touched by the power of Zot.
  4686 | Lair:1   | Entered Level 1 of the Lair of Beasts
  4686 | Lair:1   | Noticed an elephant
  4687 | Lair:1   | Noticed a rime drake
  4693 | Lair:1   | Killed a rime drake
  4694 | Lair:1   | Reached skill level 13 in Shields
  4694 | Lair:1   | Reached skill level 1 in Axes
  4694 | Lair:1   | Reached XP level 11. HP: 52/69 MP: 12/12
  4696 | Lair:1   | Was placed under penance by Jiyva
  4698 | Lair:1   | Noticed an elephant
  4699 | Lair:1   | Killed an elephant
  4704 | Lair:1   | Noticed an elephant
  4710 | Lair:1   | Killed an elephant
  4711 | Lair:1   | Reached skill level 5 in Axes
  4715 | Lair:1   | HP: 2/132 [cloud of flame (5)]
  4715 | Lair:1   | Slain by a water moccasin

Illustrated notes

Levels and vault maps discovered:
D:1:      heliophobic_arrival_enchanted_forest, layout_basic,
          dreamdust_ecumenical_altar_grove
D:2:      layout_rooms, serial_bayou_lagoon_a
D:3:      minmay_wonky_spiral, layout_basic, minivault_25, uniq_ijyb,
          uniq_terence
D:4:      layout_cave_pools, uniq_eustachio
D:5:      wander_river, layout_loops_ring
D:6:      layout_cave_pools, minmay_temple_entry_trees,
          minmay_fractal_squares_gapless_5
D:7:      minmay_flawed_box, layout_basic, kennysheep_mini_moat, serial_shops,
          nicolae_shop_hallway_stairs, minmay_misc_feat_five
D:8:      minmay_inner_zag, layout_layer_cave, minmay_lair_entry_grove
Lair:1:   layout_regular_city, beast_lair_carwin_8, grunt_megastairs_3,
          serial_bayou_shore_a, uniq_gastronok

Skill      XL: |  1  2  3  4  5  6  7  8  9 10 11 |
---------------+----------------------------------+-----
Maces & Flails | 3 4 5 6 7 9 |  9.0
Fighting       | 4 5 6 7 |  7.0
Armour         | 4 6 7 9 |  9.0
Shields        | 4 5 7 13 | 13.0
Evocations     | 3 |  3.0
Throwing       | 3 |  3.0
Dodging        | 4 5 |  5.0
Axes           | 1 5 |  5.1

Action                   |  1- 3 |  4- 6 |  7- 9 | 10-12 || total
-------------------------+-------+-------+-------+-------++-------
Melee: Flail             |    63 |    78 |   203 |       ||   344
       War axe           |       |       |    51 |   108 ||   159
Throw: Boomerang         |       |       |     1 |       ||     1
       Dart              |       |       |       |     1 ||     1
Invok: Oozemancy         |       |       |     2 |       ||     2
  Use: Scroll            |       |       |     4 |     9 ||    13
       Potion            |       |       |     1 |     9 ||    10
Armor: Scale mail        |    60 |    66 |       |       ||   126
       Plate armour      |       |     8 |   194 |   102 ||   304
       Skin              |       |       |       |    55 ||    55
Dodge: Dodged            |    45 |    68 |   114 |    59 ||   286
Block: Buckler           |    34 |    43 |    88 |    69 ||   234

Table legend: (Time is in decaauts)
 A = Elapsed time spent in this place.
 B = Non-inter-level travel time spent in this place.
 C = Inter-level travel time spent in this place.
 D = Time resting spent in this place.
 E = Time spent auto-exploring this place.
 F = Levels seen in this place.
 G = Mean time per level.
                   A        B        C        D        E       F      G
               +--------+--------+--------+--------+--------+-----+--------+
         Total |   4833 |   4480 |    353 |    274 |   2844 |   9 |  537.0 |
       Dungeon |   4803 |   4450 |    353 |    274 |   2844 |   8 |  600.4 |
          Lair |     30 |     30 |      0 |      0 |      0 |   1 |   30.0 |
               +--------+--------+--------+--------+--------+-----+--------+

Top non-repeatable levels by time:
     D:3: 887 daAuts
     D:4: 879 daAuts
     D:6: 626 daAuts
     D:8: 624 daAuts
     D:7: 545 daAuts
     D:5: 459 daAuts
     D:2: 408 daAuts
     D:1: 373 daAuts
  Lair:1: 30 daAuts
